 Dungeon Crawl Stone Soup version 0.28.0-53-g5a82cb258f (webtiles) character file.

Game seed: 16529061991710367644

16572 Godmorgon the Basher (level 12, -1/165 HPs)
             Began as a Minotaur Fighter on Aug 15, 2022.
             Was a High Priest of Okawaru.
             Succumbed to a wolf spider's poison
             ... on level 3 of the Lair of Beasts.
             The game lasted 00:55:42 (16348 turns).

Godmorgon the Basher (Minotaur Fighter)            Turns: 16348, Time: 00:55:42

Health: -1/165     AC: 19    Str: 30    XL:     12   Next: 11%
Magic:  1/16       EV: 13    Int:  7    God:    Okawaru [*****.]
Gold:   535        SH:  6    Dex: 13    Spells: 11/11 levels left

rFire   + + .      SeeInvis +   a - +8 morningstar of Urphac {vamp, rElec Will+ Str+3 SInv}
rCold   + . .      Faith    .   c - +0 buckler
rNeg    . . .      Spirit   +   F - +2 chain mail {Will+}
rPois   +          Reflect  .   (helmet restricted)
rElec   +          Harm     .   q - +0 cloak
rCorr   +          Rampage  .   B - +0 pair of gloves
Will    ++...                   K - +0 pair of boots of Beogh's Scorn {rF+ Int+2}
Stlth   ..........              L - amulet of guardian spirit
HPRegen 0.37/turn               n - ring of Conformity {rCorr Dex+4}
MPRegen 0.15/turn               y - ring of flight

@: berserking, lethally poisoned (-1 -> -26), resistant, heroic, flying, very
quick
A: horns 2, retaliatory headbutt
a: Renounce Religion, Heroism, Finesse, Duel


You were on level 3 of the Lair of Beasts.
You worshipped Okawaru.
Okawaru was extremely pleased with you.
You visited 3 branches of the dungeon, and saw 13 of its levels.
You also visited: Sewer.

You collected 724 gold pieces.
You spent 189 gold pieces at shops.

Inventory:

Hand Weapons
 a - the +8 morningstar of Urphac (weapon) {vamp, rElec Will+ Str+3 SInv}
   (Okawaru gifted it to you on level 2 of the Lair of Beasts)

   It occasionally heals its wielder for a portion of the damage dealt when it
   wounds a living foe.
   Str:       It affects your strength (+3).
   rElec:     It insulates you from electricity.
   SInv:      It lets you see invisible.
   Will:      It increases your willpower.
Missiles
 b - 6 boomerangs
 f - 3 silver javelins
 w - 3 curare-tipped darts
 x - 16 poisoned darts (quivered)
 C - 5 javelins
Armour
 c - a +0 buckler (worn)
 q - a +0 cloak (worn)
 z - a +2 scale mail of poison resistance
 B - a +0 pair of gloves (worn)
 F - a +2 chain mail of willpower (worn)
 K - the +0 pair of boots of Beogh's Scorn (worn) {rF+ Int+2}
   (You found it on level 8 of the Dungeon)

   Int:       It affects your intelligence (+2).
   rF:        It protects you from fire.
Jewellery
 n - the ring of Conformity (left hand) {rCorr Dex+4}
   (You found it on level 3 of the Dungeon)

   [ring of resist corrosion]

   Dex:       It affects your dexterity (+4).
   rCorr:     It protects you from acid and corrosion.
 y - a ring of flight (right hand)
 E - an amulet of magic regeneration
 L - an amulet of guardian spirit (around neck)
Wands
 d - a wand of mindburst (3)
 e - a wand of digging (2)
 m - a wand of iceblast (16)
 H - a wand of polymorph (8)
 J - a wand of flame (19)
Scrolls
 g - 2 scrolls of blinking {unknown}
 j - a scroll of fog {unknown}
 k - 5 scrolls of teleportation
 s - a scroll of summoning {unknown}
 A - a scroll of immolation {unknown}
 I - 2 scrolls of enchant armour {unknown}
 M - a scroll of identify
Potions
 h - 11 potions of curing
 i - 7 potions of lignification
 l - a potion of resistance
 o - a potion of invisibility {unknown}
 p - 6 potions of flight
 r - 3 potions of might
 t - a potion of ambrosia {unknown}
 u - 2 potions of cancellation {unknown}
 v - 2 potions of attraction {unknown}
 D - a potion of berserk rage
 G - a potion of heal wounds {unknown}


   Skills:
 + Level 11.4(16.4) Fighting
 - Level 14.0(19.0) Maces & Flails
 + Level 7.8(12.8) Throwing
 + Level 8.9(13.9) Armour
 - Level 5.0(10.0) Dodging
 - Level 5.0(10.0) Shields
 + Level 6.7 Invocations


You had 11 spell levels left.
You didn't know any spells.
Your spell library was empty.

Dungeon Overview and Level Annotations

Branches:
Dungeon (8/15)             Temple (1/1) D:4            Lair (4/6) D:8
 Shoals (0/4) Lair:3        Sewer (visited)
  Snake: Lair:2-4    Spider: Lair:2-4

Altars:
Ashenzari
Cheibriados
Dithmenos
Elyvilon
Fedhas
Gozag
Hepliaklqana
Kikubaaqudgha
Makhleb
Nemelex Xobeh
Okawaru
Qazlal
Ru
Sif Muna
Trog
Uskayaw
Vehumet
Wu Jian
Xom
Yredelemnul
Zin
The Shining One

Shops:
D:1 (:([   D:6 [


Innate Abilities, Weirdness & Mutations

You have a pair of horns on your head.
You reflexively headbutt those who attack you in melee.


Message History

The wolf spider hits you! The wolf spider closely misses you.
The wolf spider hits you but does no damage.
The wolf spider bites you but does no damage.
You puncture the wolf spider!
You feel better.
The wolf spider is moderately wounded.
The wolf spider closely misses you. You furiously retaliate!
You headbutt the wolf spider. The wolf spider bites you!
You are poisoned.
The wolf spider poisons you! The wolf spider closely misses you.
The wolf spider bites you but does no damage.
You barely miss the wolf spider.
The wolf spider is moderately wounded.
You feel very sick. The wolf spider hits you! The wolf spider misses you.
The wolf spider hits you but does no damage.
The wolf spider closely misses you. The wolf spider hits you!
* * * LOW HITPOINT WARNING * * *
The wolf spider bites you but does no damage.
You feel better. The wolf spider hits you.
* * * LOW HITPOINT WARNING * * *
The wolf spider bites you!
* * * LOW HITPOINT WARNING * * *
You are lethally poisoned!
The wolf spider poisons you!
The wolf spider hits you but does no damage.
The wolf spider bites you.
* * * LOW HITPOINT WARNING * * *
The wolf spider misses you.
The wolf spider bites you but does no damage.
You feel protected.
* * * LOW HITPOINT WARNING * * *
You feel extremely sick. The wolf spider misses you. The wolf spider bites you.
* * * LOW HITPOINT WARNING * * *
You block the wolf spider's attack. The wolf spider barely misses you.
The wolf spider hits you but does no damage.
The wolf spider misses you.
A red film seems to cover your vision as you go berserk!
You feel yourself moving faster!
You feel mighty!
You die...

.## #..#....<..P##.#......... ..#
####........#............ ..###
####.................... ....###
##P#...........#.........
^.....###...........#............
........#........................
.................................
......................#.#........
................@.....####.......
........##.....s.s....# #.......
........###..........## #.......
........##...........# ##....###
........##...........####....##
........##..............P...##
............................#
....................###.....#
....................# ###...# ##


You could see 2 wolf spiders.

Vanquished Creatures
  A boulder beetle (Lair:3)
  A lindwurm (Lair:3)
  Pikel (D:8)
  3 black mambas
  Maurice (D:8)
  4 cane toads
  A torpor snail (Lair:1)
  A rime drake (Lair:3)
  6 komodo dragons
  3 polar bears (Lair:1)
  A hornet (D:7)
  6 blink frogs (Lair:1)
  Sigmund (D:5)
  5 basilisks
  16 yaks
  Grum (D:8)
  8 water moccasins
  A sky beast (D:3)
  5 black bears
  An ice beast (D:5)
  An ogre (D:4)
  9 wolves
  6 centaurs
  2 lemures (D:8)
  2 kobold brigands
  11 bullfrogs
  2 scorpions
  8 wights
  A howler monkey (D:7)
  2 orc priests (D:8)
  A centaur zombie (D:6)
  2 hounds
  2 bullfrog skeletons
  A centaur skeleton (D:7)
  6 iguanas
  2 gnoll shamans
  7 hell rats (Lair:3)
  A howler monkey zombie (D:7)
  Robin (D:2)
  9 adders
  23 gnolls
  5 river rats
  A shadow imp (D:6)
  3 worms (Sewer)
  3 dart slugs
  13 orcs
  7 ball pythons
  14 bats
  4 endoplasms
  5 giant cockroaches
  46 goblins
  23 hobgoblins
  10 jackals
  6 quokkas
  5 frilled lizards
  19 kobolds
  7 rats
337 creatures vanquished.

Vanquished Creatures (others)
  2 fungi
  13 plants
15 creatures vanquished.

Grand Total: 352 creatures vanquished

Notes
Turn   | Place    | Note
-------+----------+-------------------------------------------
     0 | D:1      | Godmorgon the Minotaur Fighter began the quest for the Orb.
     0 | D:1      | Reached XP level 1. HP: 19/19 MP: 0/0
   209 | D:1      | Found Kiefulo's Weapon Shop.
   239 | D:1      | Found Hyzxuosi's Book Shoppe.
   289 | D:1      | Reached skill level 3 in Maces & Flails
   289 | D:1      | Reached XP level 2. HP: 25/27 MP: 1/1
   370 | D:1      | Found Vuseotic's Antique Armour Emporium.
   448 | D:1      | Found Fait's Weapon Shop.
   515 | D:1      | Reached skill level 1 in Throwing
   851 | D:1      | Reached XP level 3. HP: 23/33 MP: 2/2
  1321 | D:2      | Noticed Robin
  1335 | D:2      | Killed Robin
  1341 | D:2      | Reached skill level 4 in Maces & Flails
  1359 | D:2      | Reached XP level 4. HP: 17/41 MP: 3/3
  1945 | D:3      | Noticed a sky beast
  1957 | D:3      | Killed a sky beast
  1958 | D:3      | Reached skill level 5 in Maces & Flails
  1958 | D:3      | Reached XP level 5. HP: 33/47 MP: 4/4
  2164 | D:3      | Noticed a black bear
  2171 | D:3      | Killed a black bear
  2172 | D:3      | Reached skill level 5 in Fighting
  2172 | D:3      | Reached XP level 6. HP: 51/56 MP: 5/5
  2405 | D:3      | Identified the ring of Conformity {rCorr Dex+4}
  2412 | D:3      | You fall into a shaft and drop 1 floor!
  2451 | D:5      | Entered Level 5 of the Dungeon
  2480 | D:5      | Noticed a water moccasin
  2507 | D:4      | Killed a water moccasin
  2508 | D:4      | Reached skill level 6 in Maces & Flails
  2516 | D:4      | HP: 2/56 [poisoned by a water moccasin]
  2882 | D:5      | Found a glowing drain.
  2886 | Sewer    | Entered a sewer
  3109 | Sewer    | Reached XP level 7. HP: 58/62 MP: 6/6
  3411 | Sewer    | Reached skill level 7 in Maces & Flails
  4081 | D:4      | Found a staircase to the Ecumenical Temple.
  4088 | Temple   | Entered the Ecumenical Temple
  4369 | Temple   | Became a worshipper of Warmaster Okawaru
  5192 | D:3      | Found a faded altar of an unknown god.
  5398 | D:5      | Reached skill level 8 in Maces & Flails
  5495 | D:5      | Reached XP level 8. HP: 70/71 MP: 7/7
  6253 | D:5      | Found a snail-covered altar of Cheibriados.
  6400 | D:5      | Noticed Sigmund
  6413 | D:5      | Killed Sigmund
  6414 | D:5      | Reached skill level 9 in Maces & Flails
  6638 | D:5      | Reached skill level 5 in Throwing
  6654 | D:5      | Reached * piety under Okawaru
  7696 | D:6      | Found Piuwkopo's Antique Armour Shop.
  7703 | D:6      | Bought a glowing scale mail for 189 gold pieces
  8312 | D:6      | Reached skill level 10 in Maces & Flails
  8626 | D:7      | Reached ** piety under Okawaru
  8627 | D:7      | Reached XP level 9. HP: 81/81 MP: 8/8
  9040 | D:7      | Reached skill level 1 in Dodging
  9040 | D:7      | Reached skill level 1 in Invocations
  9583 | D:8      | Reached skill level 11 in Maces & Flails
  9939 | D:8      | Noticed Pikel
 10292 | D:8      | Noticed Grum
 10301 | D:8      | Killed Grum
 10377 | D:8      | Reached *** piety under Okawaru
 10483 | D:8      | Killed Pikel
 10484 | D:8      | Reached skill level 5 in Armour
 10484 | D:8      | Reached skill level 5 in Shields
 10484 | D:8      | Reached XP level 10. HP: 90/90 MP: 7/11
 10547 | D:8      | Noticed Maurice
 10554 | D:8      | Killed Maurice
 10623 | D:8      | Found a staircase to the Lair.
 10857 | D:8      | Reached skill level 12 in Maces & Flails
 11427 | D:8      | Identified the +0 pair of boots of Beogh's Scorn {rF+
                  | Int+2}
 11802 | Lair:1   | Entered Level 1 of the Lair of Beasts
 11804 | Lair:1   | Noticed a cane toad
 11811 | Lair:1   | Killed a cane toad
 11905 | Lair:1   | You fall into a shaft and drop 1 floor!
 11941 | Lair:2   | Reached **** piety under Okawaru
 12110 | Lair:1   | Noticed a cane toad
 12125 | Lair:2   | Killed a cane toad
 12373 | Lair:1   | Reached skill level 5 in Dodging
 12410 | Lair:1   | Reached skill level 13 in Maces & Flails
 12487 | Lair:1   | Noticed a torpor snail
 12512 | Lair:1   | Killed a torpor snail
 12512 | Lair:1   | Received a gift from Okawaru
 12513 | Lair:1   | Reached XP level 11. HP: 95/99 MP: 13/13
 12563 | Lair:1   | Reached skill level 10 in Fighting
 12817 | Lair:1   | Reached skill level 5 in Invocations
 12842 | Lair:1   | Reached ***** piety under Okawaru
 13795 | Lair:2   | Reached skill level 14 in Maces & Flails
 14341 | Lair:2   | Identified the +8 morningstar of Urphac {vamp, rElec Will+
                  | Str+3 SInv} (Okawaru gifted it to you on level 2 of the
                  | Lair of Beasts)
 14341 | Lair:2   | Received a gift from Okawaru
 14813 | Lair:3   | Noticed a lindwurm
 15205 | Lair:3   | Noticed a boulder beetle
 15213 | Lair:3   | Killed a lindwurm
 15224 | Lair:3   | Killed a boulder beetle
 15316 | Lair:3   | Found a staircase to the Shoals.
 15513 | Lair:3   | Reached XP level 12. HP: 68/110 MP: 10/15
 15803 | Lair:3   | Identified the +8 shortbow of Ascent {freeze, rN++}
 16347 | Lair:3   | HP: 3/110 [wolf spider (4)]
 16348 | Lair:3   | Succumbed to a wolf spider's poison

Illustrated notes

Levels and vault maps discovered:
D:1:      dpeg_arrival_shelter, layout_loops_ring, serial_shops, shop_statue,
          shop, nicolae_shop_bloodbath_and_beyond, nicolae_shop_stone
D:2:      layout_loops_corners, amcnicky_mini_corridor_feature, minmay_circle_x,
          uniq_robin
D:3:      layout_loops_cross, dilly_ecumenical_altar_fadedgnrine
D:4:      layout_basic, minmay_temple_entry_drinking_statues,
          chequers_mini_garden
D:5:      minmay_goblin_kobold_castle, layout_loops_ring,
          kennysheep_slug_shrine, gup_sewer_entry_bowl, dk_noncrumbling_2,
          uniq_sigmund
D:6:      layout_loops_corners, serial_shops, shop_statue
D:7:      layout_loops_cross
D:8:      layout_layer_cave, david_lair_shrubbed, uniq_grum, uniq_maurice,
          uniq_pikel
Temple:   roderic_octagonal_lattice_temple
Lair:1:   beast_lair_carwin_large_2, layout_misc_corridors, grunt_megastairs_4
Lair:2:   layout_regular_city, serial_rivers, chequers_serial_rivers_large_a,
          chequers_serial_rivers_large_b, chequers_serial_rivers_micro_d,
          chequers_serial_rivers_room_a
Lair:3:   layout_layer_cave, shoals_dummy_entry
Lair:4:   layout_regular_city, spider_nest_entry_funnel_web, uniq_snorg

Skill      XL: |  1  2  3  4  5  6  7  8  9 10 11 |
---------------+----------------------------------+-----
Maces & Flails | 3 4 5 6 8 10 11 13 14 | 14.0
Throwing       | 1 2 3 4 5 6 7 |  7.8
Fighting       | 4 5 6 7 8 9 11 | 11.4
Armour         | 5 6 8 |  8.9
Dodging        | 3 5 |  5.0
Shields        | 5 |  5.0
Invocations    | 2 4 6 |  6.7

Action                   |  1- 3 |  4- 6 |  7- 9 | 10-12 || total
-------------------------+-------+-------+-------+-------++-------
Melee: Flail             |   109 |    99 |   408 |       ||   616
       Headbutt          |     9 |    10 |    77 |   108 ||   204
       Whip              |       |       |       |   335 ||   335
       Morningstar       |       |       |       |    82 ||    82
Throw: Dart              |       |     5 |     7 |    23 ||    35
       Boomerang         |       |       |       |    18 ||    18
Invok: Heroism           |       |       |     5 |    11 ||    16
Evoke: Wand              |       |       |     2 |       ||     2
  Use: Potion            |     1 |     2 |       |     3 ||     6
       Scroll            |       |       |     5 |     1 ||     6
Armor: Scale mail        |    62 |    53 |   100 |       ||   215
       Chain mail        |       |       |   150 |   128 ||   278
Dodge: Dodged            |    49 |    53 |   174 |   144 ||   420
Block: Buckler           |    24 |    24 |   107 |    66 ||   221
